 Dungeon Crawl Stone Soup version 0.31-a0-851-g7ff8af7976 (webtiles) character file.

Game seed: 16054462425967616194

84 ragingrage the Charlatan (level 4, -5/33 HPs)
             Began as a Djinni Artificer on Oct 5, 2023.
             Slain by Natasha (8 damage)
             ... on level 3 of the Dungeon.
             The game lasted 00:02:27 (1965 turns).

ragingrage the Charlatan (Djinni Artificer)         Turns: 1965, Time: 00:02:27

Health: -5/33      AC:  4    Str: 11    XL:     4   Next: 72%
Gold:   72         EV: 12    Int: 14    God:
                   SH:  0    Dex: 14

rFire   + + .        l - +0 short sword (elec)
rCold   x . .        (no shield)
rNeg    . . .        b - +0 leather armour
rPois   ∞            (no helmet)
rElec   .            g - +0 cloak
rCorr   .            (no gloves)
SInv    .            (boots unavailable)
Will    .....        k - amulet of the acrobat
Stlth   ++           (no ring)
HPRegen 0.25/turn    (no ring)
MPRegen 0.00/turn

%: acrobat, infuse magic (-6 HP)
@: flying, slowed, very slow
A: sickness immunity, fire resistance 2, cold vulnerability 1, float, innate
caster, HP casting, extra vitality 1
a: no special abilities


You were on level 3 of the Dungeon.
You visited 1 branch of the dungeon, and saw 3 of its levels.

You collected 72 gold pieces.

Inventory:

Hand Weapons
 l - a +0 short sword of electrocution (weapon)
Armour
 b - a +0 leather armour (worn)
 g - a +0 cloak (worn)
Jewellery
 k - an amulet of the acrobat (around neck)
Wands
 c - a wand of flame (15)
 d - a wand of charming (15)
 e - a wand of iceblast (5)
Scrolls
 n - a scroll of fog
Potions
 a - a potion of cancellation {unknown}
 f - 2 potions of magic {unknown}
 i - 4 potions of brilliance {unknown}
 m - a potion of degeneration {unknown}


   Skills:
 - Level 2.0 Fighting
 + Level 1.3 Short Blades
 - Level 1.0 Armour
 - Level 2.1 Dodging
 - Level 2.0 Stealth
 + Level 1.3 Spellcasting
 + Level 1.3 Conjurations
 + Level 1.3 Hexes
   Level 0.0 Charms
 + Level 1.3 Summonings
 + Level 1.3 Necromancy
 + Level 1.3 Translocations
 + Level 1.3 Transmutations
 + Level 1.3 Fire Magic
 + Level 1.3 Ice Magic
 + Level 1.3 Air Magic
 + Level 1.3 Earth Magic
 + Level 1.3 Poison Magic
 - Level 3.0 Evocations


You knew the following spells:

 Your Spells              Type           Power      Damage    Failure   Level
a - Necrotise             Necr           16%        1d4       21%         1
Your spell library was empty.

Dungeon Overview and Level Annotations

Branches:
Dungeon (3/15)

Altars:

Shops:
D:3 =

Annotations:
D:3 Natasha


Innate Abilities, Weirdness & Mutations

You are immune to sickness and miasma.
You are immune to poison.
Your flesh is very heat resistant. (rF++)
You are vulnerable to cold. (rC-)
You float through the air rather than walking.
You learn spells naturally, not from books.
Your magical power is your life essence.
You have superior vitality. (+4 MHP)


Message History

You feel forgetful for a moment.
Natasha wildly gestures.
You feel troubled. The cerulean imp completely misses you.
Natasha mumbles some strange words.
You feel troubled. The frilled lizard bites you.
As you read the scroll labelled XUVOQ FIWUQE, it crumbles to dust.
It is a scroll of identify.
n - a scroll of fog The cerulean imp hits you from afar with a +2 spear.
The frilled lizard closely misses you.
Okay, then.
You miss the frilled lizard.
The cerulean imp hits you from afar with a +2 spear.
The frilled lizard bites you but does no damage.
You hit the frilled lizard.
You kill the frilled lizard!
The cerulean imp hits you from afar with a +2 spear.
Natasha mumbles some strange words.
Natasha glows brightly for a moment.
Okay, then.
You hit Natasha. Lightning courses through Natasha! Natasha closely misses you.
The cerulean imp hits you from afar with a +2 spear.
You barely miss Natasha. Natasha casts a spell at you.
You feel yourself slow down.
The cerulean imp hits you from afar with a +2 spear.
You hit Natasha but do no damage.
The cerulean imp disappears in a puff of smoke!
Natasha closely misses you.
You closely miss Natasha. Natasha casts a spell at you.
You resist with some effort. Natasha claws you!
* * * LOW HITPOINT WARNING * * *
You closely miss Natasha. Natasha claws you.
* * * LOW HITPOINT WARNING * * *
You closely miss Natasha. Natasha claws you!
You die...
Natasha begins licking her fur clean.

#.. #.# #.# #.# #.# #.#
## # #:# #. #+#< #@#
.#######. .....##h#
......... .......)#
#######..
.>......##############..
............∩...........
.....####.############..
..... #...# #.. ....
###.# ### !..5 ..#


You could see Natasha.

Vanquished Creatures
  2 adders
  2 worms
  A dart slug (D:1)
  3 bats (D:1)
  7 endoplasms
  A giant cockroach (D:1)
  3 goblins
  2 hobgoblins (D:2)
  9 jackals
  3 quokkas
  5 ball pythons
  5 frilled lizards
  8 kobolds
  2 rats
53 creatures vanquished.

Notes
Turn   | Place    | Note
-------+----------+-------------------------------------------
     0 | D:1      | ragingrage the Djinni Artificer began the quest for the
                  | Orb.
     0 | D:1      | Reached XP level 1. HP: 17/17 MP: 0/0
    94 | D:1      | Reached skill level 1 in Stealth
   195 | D:1      | Reached XP level 2. HP: 11/22 MP: 0/0
   506 | D:1      | Reached XP level 3. HP: 8/27 MP: 0/0
   506 | D:1      | Learned a level 1 spell: Necrotise
  1415 | D:2      | Reached skill level 1 in Spellcasting
  1415 | D:2      | Reached skill level 1 in Conjurations
  1415 | D:2      | Reached skill level 1 in Hexes
  1415 | D:2      | Reached skill level 1 in Summonings
  1415 | D:2      | Reached skill level 1 in Necromancy
  1415 | D:2      | Reached skill level 1 in Translocations
  1415 | D:2      | Reached skill level 1 in Transmutations
  1415 | D:2      | Reached skill level 1 in Fire Magic
  1415 | D:2      | Reached skill level 1 in Ice Magic
  1415 | D:2      | Reached skill level 1 in Air Magic
  1415 | D:2      | Reached skill level 1 in Earth Magic
  1415 | D:2      | Reached skill level 1 in Poison Magic
  1429 | D:2      | Reached XP level 4. HP: 29/33 MP: 0/0
  1543 | D:2      | Reached skill level 1 in Short Blades
  1931 | D:3      | Found Jieluv's Jewellery Shop.
  1944 | D:3      | Noticed Natasha
  1965 | D:3      | Slain by Natasha

Illustrated notes

Levels and vault maps discovered:
D:1:      heliophobic_arrival_ceremonial_halls, layout_loops_cross
D:2:      layout_loops_cross
D:3:      layout_basic, serial_shops, shop, uniq_natasha

Skill      XL: |  1  2  3  4 |
---------------+-------------+-----
Stealth        | 1 2 |  2.0
Spellcasting   | 1 |  1.3
Conjurations   | 1 |  1.3
Hexes          | 1 |  1.3
Summonings     | 1 |  1.3
Necromancy     | 1 |  1.3
Translocations | 1 |  1.3
Transmutations | 1 |  1.3
Fire Magic     | 1 |  1.3
Ice Magic      | 1 |  1.3
Air Magic      | 1 |  1.3
Earth Magic    | 1 |  1.3
Poison Magic   | 1 |  1.3
Fighting       | 2 |  2.0
Short Blades   | 1 |  1.3
Armour         | |  1.0
Dodging        | |  2.1
Evocations     | |  3.0

Action                     |  1- 3 |  4- 6 || total
---------------------------+-------+-------++-------
  Melee: Club              |    81 |       ||    81
         Short sword       |    88 |    62 ||   150
   Cast: Necrotise         |     5 |     3 ||     8
    Use: Scroll            |       |     2 ||     2
   Stab: Sleeping          |     3 |     2 ||     5
 Armour: Leather armour    |   100 |    29 ||   129
  Dodge: Dodged            |   115 |    35 ||   150

Table legend: (Time is in decaauts)
 A = Elapsed time spent in this place.
 B = Non-inter-level travel time spent in this place.
 C = Inter-level travel time spent in this place.
 D = Time resting spent in this place.
 E = Time spent auto-exploring this place.
 F = Levels seen in this place.
 G = Mean time per level.
                   A        B        C        D        E       F      G
               +--------+--------+--------+--------+--------+-----+--------+
         Total |   1992 |   1933 |     59 |    333 |   1093 |   3 |  664.0 |
       Dungeon |   1992 |   1933 |     59 |    333 |   1093 |   3 |  664.0 |
               +--------+--------+--------+--------+--------+-----+--------+

Top non-repeatable levels by time:
     D:1: 1068 daAuts
     D:2: 824 daAuts
     D:3: 99 daAuts
